 Dungeon Crawl Stone Soup version 0.27.1 (webtiles) character file.

Game seed: 14085494533927930258

16 Malachi the Skirmisher (level 2, 26/26 HPs)
             Began as a Ghoul Fighter on Aug 22, 2021.
             Safely got out of the dungeon.
             The game lasted 00:00:45 (837 turns).

Malachi the Skirmisher (Ghoul Fighter)               Turns: 837, Time: 00:00:46

Health: 26/26      AC:  6    Str: 19    XL:     2   Next: 58%
Magic:  1/1        EV:  7    Int:  3    God:
Gold:   39         SH:  8    Dex:  8    Spells: 1/1 levels left

rFire    . . .     SeeInvis .     - Unarmed
rCold    + . .     Faith    .   b - +0 kite shield
rNeg     + + +     Spirit   .   a - +0 scale mail
rPois    ∞         Reflect  .   (no helmet)
rElec    .         Harm     .   (no cloak)
rCorr    .         Rampage  .   (no gloves)
Will     .....                  (no boots)
Stlth    ..........             (no amulet)
HPRegen  0.08/turn              (no ring)
MPRegen  0.07/turn              (no ring)

@: no status effects
A: claws 1, cold resistance 1, negative energy resistance 3, inhibited
regeneration, torment resistance 2
a: no special abilities


You escaped.
You visited 1 branch of the dungeon, and saw 1 of its levels.

You collected 39 gold pieces.

Inventory:

Armour
 a - a +0 scale mail (worn)
 b - a +0 kite shield (worn)
Scrolls
 e - a scroll of immolation {unknown}
 g - a scroll of amnesia {unknown}
 h - a scroll of enchant armour {unknown}
 i - a scroll of noise {unknown}
Potions
 c - a potion of might
 d - a potion of haste {unknown}
 f - a potion of flight {unknown}


   Skills:
 + Level 3.6 Fighting
 + Level 2.9 Armour
 + Level 2.8 Shields
 + Level 2.5 Unarmed Combat


You had one spell level left.
You didn't know any spells.
Your spell library contained the following spells:

 Spells                   Type           Power      Damage    Failure   Level
 Slow                     Hex            0%         N/A       100%        2
 Confusing Touch          Hex            0%         N/A       100%        3
 Vampiric Draining        Necr           0%         2d6       100%        3


Dungeon Overview and Level Annotations

Branches:
Dungeon (1/15)

Altars:


Innate Abilities, Weirdness & Mutations

You thrive by killing the living.
You are immune to poison.
You have sharp fingernails.
Your flesh is cold resistant. (rC+)
You are immune to negative energy. (rN+++)
You do not regenerate when monsters are visible.
You are immune to unholy pain and torment.


Message History

You feel better.
No target in view!
No target in view!
No target in view!
No target in view!
No target in view!
No target in view!
No target in view!
No target in view!
No target in view!
No target in view!
No target in view!
No target in view!
No target in view!
No target in view!
No target in view!
No target in view!
No target in view!
No target in view!
No target in view!
You see here a +0 dagger.
You now have 39 gold pieces (gained 9).
Found a stone staircase leading down.
Found a faded altar of an unknown god.
Found a scroll labelled ITUHIP SOCIAR.
i - a scroll labelled ITUHIP SOCIAR A kobold comes into view.
It is wielding a +0 club.
The kobold shouts!
The kobold throws a stone.
You block the stone.
A kobold is nearby!
A kobold is nearby!
A kobold is nearby!
Really walk into that teleport trap?
You enter a teleport trap!
The teleport trap disappears.
Your surroundings suddenly seem different.
There is an escape hatch in the floor here.
There is an open door here.
There is a staircase leading out of the dungeon here.
Are you sure you want to leave the Dungeon?
This will make you lose the game!
You have escaped!

#.#..##.#.#######
#.##.##..##......
#.......##.......
####.#####.###### #.# #.#
########.# #.# #.....##.#
#.# #.....##.# #.#
#.##@.##.# #.#### #....(##.#
#....### #.....##.#
##.###... #'######.####.##
##.. ###.######.....## ##.
###########....#...##.##.#
#.
...............#...##.##.##
##.
.##.##.###.....#.8.##.###.##
##.. .##.##.#
##....'...##.####.###.##


There were no monsters in sight!

Vanquished Creatures
  3 bats (D:1)
  An endoplasm (D:1)
  3 goblins (D:1)
  A quokka (D:1)
  A ball python (D:1)
  2 frilled lizards (D:1)
  2 kobolds (D:1)
  3 rats (D:1)
16 creatures vanquished.

Notes
Turn   | Place    | Note
-------+----------+-------------------------------------------
     0 | D:1      | Malachi the Ghoul Fighter began the quest for the Orb.
     0 | D:1      | Reached XP level 1. HP: 19/19 MP: 0/0
   257 | D:1      | Reached XP level 2. HP: 26/26 MP: 1/1
   763 | D:1      | Found a faded altar of an unknown god.
   837 | D:$      | Safely got out of the dungeon.

Illustrated notes

Levels and vault maps discovered:
D:1:      dpeg_arrival_rooms_b, layout_loops_cross,
          dreamdust_ecumenical_altar_grove, amcnicky_mini_pool_small

Action                   || total
-------------------------++-------
Melee: Unarmed           ||    59
Armor: Scale mail        ||    23
Dodge: Dodged            ||    15
Block: Kite shield       ||    24
